 Dungeon Crawl Stone Soup version 0.31-a0-1002-g8e65716e6e (webtiles) character file.

Game seed: 1206988932534623603

608 BinkBink the Trooper (level 7, -19/61 HPs)
             Began as a Minotaur Fighter on Nov 10, 2023.
             Demolished by a two-headed ogre
             ... wielding a +0 giant club
              (24 damage)
             ... on level 5 of the Dungeon.
             The game lasted 00:02:47 (2720 turns).

BinkBink the Trooper (Minotaur Fighter)             Turns: 2720, Time: 00:02:48

Health: -19/61     AC: 10    Str: 20    XL:     7   Next: 19%
Magic:  6/6        EV: 10    Int:  5    God:
Gold:   225        SH:  5    Dex: 12    Spells: 6/6 levels left

rFire   . . .        a - +0 war axe
rCold   . . .        c - +0 buckler
rNeg    . . .        b - +0 scale mail
rPois   .            (helmet restricted)
rElec   .            x - +0 cloak
rCorr   .            (no gloves)
SInv    .            w - +0 pair of boots
Will    .....        (no amulet) Stlth
                     (no ring)
HPRegen 0.30/turn    (no ring)
MPRegen 0.10/turn

%: no passive effects
@: no status effects
A: horns 2, retaliatory headbutt
a: no special abilities


You were on level 5 of the Dungeon.
You visited 1 branch of the dungeon, and saw 5 of its levels.

You collected 225 gold pieces.

Inventory:

Hand Weapons
 a - a +0 war axe (weapon)
Armour
 b - a +0 scale mail (worn)
 c - a +0 buckler (worn)
 w - a +0 pair of boots (worn)
 x - a +0 cloak (worn)
Jewellery
 l - a ring of fire
Wands
 v - a wand of mindburst (19)
Scrolls
 f - 5 scrolls of identify {unknown}
 g - a scroll of vulnerability {unknown}
 h - a scroll of brand weapon {unknown}
 i - 2 scrolls of noise {unknown}
 k - a scroll of teleportation {unknown}
 m - a scroll of blinking {unknown}
 r - a scroll of fear {unknown}
 s - 2 scrolls of immolation {unknown}
 u - a scroll of silence {unknown}
 y - a scroll of torment {unknown}
Potions
 d - 4 potions of might
 e - 3 potions of mutation {unknown}
 j - 4 potions of curing {unknown}
 n - 2 potions of ambrosia {unknown}
 o - 4 potions of enlightenment {unknown}
 p - a potion of cancellation {unknown}
 q - 2 potions of heal wounds {unknown}
 t - a potion of haste {unknown}


   Skills:
 + Level 5.5 Fighting
 + Level 5.0 Axes
 + Level 5.5 Armour
 + Level 3.1 Dodging
 + Level 5.5 Shields


You had 6 spell levels left.
You didn't know any spells.
Your spell library contained the following spells:

 Spells                   Type           Power      Damage    Failure   Level
 Ozocubu's Armour         Ice            0%         N/A       99%         3
 Metabolic Englaciation   Hex/Ice        0%         N/A       100%        5
 Simulacrum               Ice/Necr       0%         N/A       100%        6


Dungeon Overview and Level Annotations

Branches:
Dungeon (5/15)
 Temple: D:4-7

Altars:
Trog
Wu Jian

Shops:
D:5 !


Innate Abilities, Weirdness & Mutations

You have a pair of horns on your head.
You reflexively headbutt those who attack you in melee.


Message History

The ogre is lightly wounded.
The ogre hits you with a +0 giant spiked club!!
You hit the ogre. You headbutt the ogre!
The ogre is severely wounded.
The ogre hits you with a +0 giant spiked club!
You are too injured to fight recklessly!
You slash the ogre!
You kill the ogre!
Your Axes skill increases to level 5!
Your Dodging skill increases to level 3!
There is a stone staircase leading up here.
You start resting.
A two-headed ogre is nearby!
The two-headed ogre shouts in stereo!
You climb upwards.
There is a stone staircase leading down here.
HP restored.
Done exploring.
You climb downwards.
There is a stone staircase leading up here.
The two-headed ogre hits you with a +0 giant club!!
The two-headed ogre hits you with a +0 giant club!
You are too injured to fight recklessly!
You hit the two-headed ogre. You headbutt the two-headed ogre!
The two-headed ogre is moderately wounded.
The two-headed ogre barely misses you. You block the two-headed ogre's attack.
You slash the two-headed ogre!
Your headbutt misses the two-headed ogre.
The two-headed ogre is heavily wounded.
You barely miss the two-headed ogre.
The two-headed ogre is heavily wounded.
You block the two-headed ogre's attack.
The two-headed ogre hits you with a +0 giant club!
* * * LOW HITPOINT WARNING * * *
You closely miss the two-headed ogre.
The two-headed ogre is heavily wounded.
The two-headed ogre hits you with a +0 giant club!
* * * LOW HITPOINT WARNING * * *
The two-headed ogre hits you with a +0 giant club!!
You die...

#..#.. ####...... ..#.
##.###.#.#. #..##
#......###. .
#..#####.###.# #. ...
###......#..##.###.
###..##.##<#......##..##.
#......)...##....##......
...##.##...####.......###
# #.@....####...#...#
#.O#...# #....##...
#)###....##..###... ...
##......####.. .....
.....###.... ....#..
....# #.... .....#...
##...> #.... ...........
#. ##... #....... ...#
##...#..#


You could see a two-headed ogre.

Vanquished Creatures
  Sigmund (D:2)
  2 ogres (D:5)
  A howler monkey (D:4)
  An orc priest (D:4)
  An iguana (D:4)
  An orc wizard (D:4)
  10 adders
  A worm (D:4)
  12 orcs
  A bat (D:1)
  3 endoplasms
  3 giant cockroaches
  7 goblins
  10 hobgoblins
  2 quokkas
  2 ball pythons (D:1)
  3 frilled lizards
  2 kobolds (D:1)
  A rat (D:3)
  A spectral goblin (D:2)
65 creatures vanquished.

Notes
Turn   | Place    | Note
-------+----------+-------------------------------------------
     0 | D:1      | BinkBink the Minotaur Fighter began the quest for the Orb.
     0 | D:1      | Reached XP level 1. HP: 19/19 MP: 0/0
    35 | D:1      | You fall into a shaft and drop 1 floor!
   158 | D:2      | Found a faded altar of an unknown god.
   178 | D:2      | Reached XP level 2. HP: 27/27 MP: 1/1
   280 | D:2      | Reached XP level 3. HP: 24/33 MP: 2/2
   318 | D:2      | Noticed Sigmund
   330 | D:2      | Killed Sigmund
   331 | D:2      | Reached skill level 1 in Dodging
   331 | D:2      | Reached XP level 4. HP: 41/41 MP: 3/3
   331 | D:2      | Reached XP level 5. HP: 47/47 MP: 4/4
  1070 | D:3      | Found an ornate altar of the Wu Jian Council.
  1187 | D:3      | Reached XP level 6. HP: 55/55 MP: 5/5
  1200 | D:3      | Reached skill level 5 in Shields
  1420 | D:3      | Found a bloodstained altar of Trog.
  1752 | D:4      | Reached skill level 5 in Fighting
  1752 | D:4      | Reached skill level 5 in Armour
  2376 | D:5      | Entered Level 5 of the Dungeon
  2378 | D:5      | Found Jydghepo's Distillery.
  2403 | D:5      | Reached XP level 7. HP: 31/61 MP: 6/6
  2535 | D:5      | Noticed a two-headed ogre
  2598 | D:5      | Reached skill level 5 in Axes
  2720 | D:5      | Demolished by a two-headed ogre

Illustrated notes

Levels and vault maps discovered:
D:1:      nzn_arrival_crosshair, layout_rooms, fountainhead
D:2:      layout_basic, dreamdust_ecumenical_altar_drowned_temple,
          ebering_dispersal_statue_hall, dk_vineyard_1, uniq_sigmund
D:3:      layout_basic, mainiacjoe_overflow_alcove_1,
          pdpol_wu_jian_five_deadly_venoms, hangedman_decor_lopped,
          nicolae_half_adder
D:4:      layout_rooms
D:5:      layout_cave_pools, minmay_temple_entry_junction_2, serial_shops,
          nicolae_shop_industrial_runoff, serial_glass, glass_columns_a,
          glass_columns_b, kennysheep_doodads, uniq_edmund

Skill      XL: |  1  2  3  4  5  6  7 |
---------------+----------------------+-----
Fighting       | 4 5 |  5.5
Armour         | 4 5 |  5.5
Shields        | 4 5 |  5.5
Axes           | 3 4 5 |  5.0
Dodging        | 1 2 3 |  3.1

Action                     |  1- 3 |  4- 6 |  7- 9 || total
---------------------------+-------+-------+-------++-------
  Melee: War axe           |    31 |   120 |    10 ||   161
         Headbutt          |     2 |    18 |     4 ||    24
 Armour: Scale mail        |    22 |    74 |     9 ||   105
  Dodge: Dodged            |    12 |    43 |     1 ||    56
  Block: Buckler           |     7 |    28 |     2 ||    37

Table legend: (Time is in decaauts)
 A = Elapsed time spent in this place.
 B = Non-inter-level travel time spent in this place.
 C = Inter-level travel time spent in this place.
 D = Time resting spent in this place.
 E = Time spent auto-exploring this place.
 F = Levels seen in this place.
 G = Mean time per level.
                   A        B        C        D        E       F      G
               +--------+--------+--------+--------+--------+-----+--------+
         Total |   2780 |   2655 |    125 |    298 |   1907 |   5 |  556.0 |
       Dungeon |   2780 |   2655 |    125 |    298 |   1907 |   5 |  556.0 |
               +--------+--------+--------+--------+--------+-----+--------+

Top non-repeatable levels by time:
     D:2: 705 daAuts
     D:3: 694 daAuts
     D:4: 669 daAuts
     D:1: 383 daAuts
     D:5: 327 daAuts
